 Dungeon Crawl Stone Soup version 0.24.0-35-gdb84b6a5db (webtiles) character file.

Game seed: 5402460116043886993, levelgen mode: deterministic

56 Curus the Cudgeler (level 3, -2/31 HPs)
             Began as a Minotaur Abyssal Knight on Nov 17, 2019.
             Was a Believer of Lugonu.
             Killed from afar by an orc wizard (8 damage)
             ... with a magic dart
             ... on level 2 of the Dungeon.
             The game lasted 00:04:12 (1077 turns).

Curus the Cudgeler (Minotaur Abyssal Knight)        Turns: 1077, Time: 00:04:13

Health: -2/31      AC:  6    Str: 13 (16) XL:     3   Next: 71%
Magic:  4/4        EV: 10    Int:  6 (9)  God:    Lugonu [**....]
Gold:   43         SH:  0    Dex:  7 (10) Spells: 2/2 levels left

rFire    . . .     SeeInvis .   a - +2 mace
rCold    . . .     Gourm    .   (no shield)
rNeg     . . .     Faith    +   f - +1 ring mail
rPois    .         Spirit   .   (helmet restricted)
rElec    .         Reflect  .   (no cloak)
rCorr    .         Harm     .   (no gloves)
MR       .....                  (no boots)
Stlth    ..........             e - amulet of faith
HPRegen  0.10/turn              (no ring)
MPRegen  0.09/turn              (no ring)

@: no status effects
A: retaliatory headbutt, horns 2
a: Depart the Abyss, Bend Space, Renounce Religion


You were on level 2 of the Dungeon.
You worshipped Lugonu.
Lugonu was pleased with you.
You were hungry.

You visited 1 branch of the dungeon, and saw 2 of its levels.
You visited the Abyss 1 time.

You collected 43 gold pieces.

Inventory:

Hand Weapons
 a - a +2 mace (weapon)
Armour
 b - a +0 leather armour
 f - a +1 ring mail (worn)
Jewellery
 e - an amulet of faith (around neck)
 g - a +4 amulet of reflection
 i - an uncursed amulet of harm {unknown}
Scrolls
 d - 4 scrolls of teleportation
 h - a scroll of remove curse
Potions
 j - a potion of degeneration
Comestibles
 c - 2 rations


   Skills:
 - Level 3.6 Fighting
 + Level 3.9 Maces & Flails
 - Level 2.4 Armour
 - Level 1.1 Dodging
 + Level 3.1 Invocations


You had 2 spell levels left.
You didn't know any spells.
Your spell library contained the following spells:

 Spells                   Type           Power        Failure   Level  Hunger
 Confusing Touch          Hex            #.....       71%         1    ##.....
 Confuse                  Hex            #.......     97%         3    ####...
 Gell's Gravitas          Tloc           #.........   97%         3    ####...
 Petrify                  Tmut/Erth      #.......     100%        4    #####..
 Metabolic Englaciation   Hex/Ice        #.........   100%        5    ######.
 Yara's Violent Unravell  Hex/Tmut       #.........   100%        5    ######.


Dungeon Overview and Level Annotations

Branches:
Dungeon (2/15)

Altars:


Innate Abilities, Weirdness & Mutations

You reflexively headbutt those who attack you in melee.
You have a pair of horns on your head.


Message History

The orc wizard is moderately wounded.
The orc wizard closely misses you. You furiously retaliate!
You headbutt the orc wizard, but do no damage.
The orc wizard hits you but does no damage.
You barely miss the orc wizard. Your headbutt misses the orc wizard.
The orc wizard is moderately wounded.
The orc wizard casts a spell at you. The magic dart hits you!
* * * LOW HITPOINT WARNING * * *
You completely miss the orc wizard.
The orc wizard is moderately wounded.
The orc wizard gestures wildly while chanting.
The orc wizard seems to speed up.
You closely miss the orc wizard.
The orc wizard is moderately wounded.
The orc wizard hits you with a +0 dagger.
* * * LOW HITPOINT WARNING * * *
The orc wizard gestures at you while chanting.
The magic dart hits you!
You die...

# #..........# ##
#..........# .#
#..........# .#
#..........# .###
#..........#
...####..........#####
..............####...#..
......#######...#......?
.##...## #.#o@.......
.##....# #.##........
..#..#.# ....r..###..
.....#.### #.....##.$
..........##...#.# ...#
..#.##.##........# .[#
†................. ##
..................
.#.#...........


You could see an orc wizard and a rat.

Vanquished Creatures
  2 adders (D:2)
  2 dart slugs (D:2)
  A leopard gecko (D:2)
  5 giant cockroaches
  7 hobgoblins
  A ball python (D:1)
  4 bats
  3 frilled lizards
  3 goblins (D:1)
  2 kobolds
  5 rats
35 creatures vanquished.

Notes
Turn   | Place    | Note
-------+----------+-------------------------------------------
     0 | Abyss:1  | Curus the Minotaur Abyssal Knight began the quest for the
                  | Orb.
     0 | Abyss:1  | Reached XP level 1. HP: 19/19 MP: 1/1
     3 | Abyss:1  | Found a basalt altar of Yredelemnul.
    56 | Abyss:1  | Noticed a starcursed mass
    69 | D:1      | Escaped the Abyss
   200 | D:1      | Reached * piety under Lugonu
   234 | D:1      | Reached XP level 2. HP: 26/26 MP: 2/2
   827 | D:2      | Reached XP level 3. HP: 24/31 MP: 2/4
  1057 | D:2      | Reached ** piety under Lugonu
  1077 | D:2      | Killed from afar by an orc wizard

Levels and vault maps discovered:
D:1:      eino_arrival_cavern_d, layout_basic
D:2:      layout_rooms, nicolae_tso_swordbearing_angel,
          nicolae_overflow_hidden_temple, minmay_tetromino_l4, uniq_natasha

Skill      XL: |  1  2  3 |
---------------+----------+-----
Invocations    | 2 3 |  3.1
Maces & Flails | 3 |  3.9
Fighting       | |  3.6
Armour         | |  2.4
Dodging        | |  1.1

Action                   || total
-------------------------++-------
Melee: Mace              ||    87
       Headbutt          ||     4
Invok: Depart the Abyss  ||     1
  Use: Scroll            ||     7
       Potion            ||     3
Armor: Ring mail         ||    34
       Leather armour    ||     1
Dodge: Dodged            ||    45
